AoeStats
← LC Ruben9

Black Forest

505905863Analyzed
4v4 RM · 22d ago on Sep 11, 2026· 52m 47s· 8 players
Game mode
Random Map
Map size
Large (8 player)
Population
200
Speed
Normal
Resources
Standard
Victory
Conquest
Starting age
Dark Age
Ending age
Imperial Age
RankedLock teamsTeams togetherTeam positionsShared explorationLock speedFull tech treeHidden civsTurbo modeCheats
Victory
Defeat
🇪🇸 Malay · Spain
1114
+14
🇪🇸 Franks · Spain
1062
+16
🇪🇸 Muisca · Spain
1045
+17
🇪🇸 Burgundians · Spain
1010
+17
🇹🇼 Gurjaras · Taiwan
1078
-17
🇹🇼 Byzantines · Taiwan
1066
-16
🇹🇼 Koreans · Taiwan
1064
-16
🇹🇼 Britons · Taiwan
1024
-15
LC Rawzixx
1:20 Loom
12:14 Feudal Age
11:28 Double-Bit Axe
11:29 Horse Collar
18:16 Castle Age
17:13 Bow Saw
17:09 Heavy Plow
21:12 Wheelbarrow
21:46 Two-Man Saw
21:24 Crop Rotation
22:08 Hand Cart
22:48 Gold Mining
23:59 Stone Mining
25:04 Guilds
25:52 Forging
25:48 Scale Barding Armor
26:57 Town Watch
28:51 Stone Shaft Mining
28:54 Gold Shaft Mining
28:57 Iron Casting
28:42 Chain Barding Armor
28:26 Husbandry
28:33 Cavalier
30:44 Ballistics
30:21 Murder Holes
30:37 Masonry
30:07 Treadmill Crane
30:33 Caravan
31:01 Burgundian Vineyards
34:36 Imperial Age
32:20 Town Patrol
32:42 Padded Archer Armor
35:31 Leather Archer Armor
35:40 Conscription
36:27 Blast Furnace
36:02 Plate Barding Armor
34:57 Paladin
36:44 Chemistry
36:16 Architecture
36:32 Hoardings
Tarifa2647
0:28 Loom
13:15 Feudal Age
16:50 Wheelbarrow
18:49 Castle Age
18:14 Double-Bit Axe
23:07 Husbandry
23:39 Hand Cart
28:30 Pikeman
28:57 Gambesons
29:13 Squires
30:03 Town Watch
32:49 #83
33:54 Fortified Wall
35:42 Ballistics
35:33 Masonry
35:20 Murder Holes
38:15 Imperial Age
37:20 Scale Mail Armor
37:11 Fletching
37:22 Padded Archer Armor
37:51 Light Cavalry
39:43 Hoardings
39:31 Conscription
38:34 Halberdier
40:21 Chemistry
39:53 Architecture
39:56 Chain Mail Armor
39:59 Cavalier
44:31 Elite Throwing Axeman
51:43 Forging
51:39 Scale Barding Armor
HVD Uplift9
14:11 Feudal Age
17:23 Castle Age
16:59 Loom
18:53 Double-Bit Axe
32:37 Forging
38:12 Wheelbarrow
37:29 Horse Collar
39:52 Hand Cart
39:58 Fletching
40:09 Padded Archer Armor
41:27 Bodkin Arrow
41:48 Leather Archer Armor
44:16 Imperial Age
41:47 Crossbowman
43:03 Thumb Ring
43:34 Arbalester
44:35 Bracer
45:06 Ring Archer Armor
45:05 Ballistics
45:46 Chemistry
47:53 Elite Skirmisher
LC Ruben9
0:31 Loom
13:26 Feudal Age
18:49 Castle Age
16:51 Double-Bit Axe
17:33 Horse Collar
17:44 Gold Mining
17:46 Stone Mining
21:36 Wheelbarrow
26:46 Heavy Plow
27:09 Bow Saw
29:26 Gold Shaft Mining
30:09 Hand Cart
29:42 Town Watch
33:53 Imperial Age
33:59 Imperial Age
31:46 Forging
31:40 Scale Mail Armor
32:20 Squires
33:45 Iron Casting
33:12 Padded Archer Armor
33:03 Fletching
34:33 Ballistics
34:10 Murder Holes
34:23 Herbalism
35:10 Chain Mail Armor
35:29 Conscription
34:43 Champi Runner
36:08 Huaracas
36:14 Thumb Ring
37:43 Two-Man Saw
37:19 Bodkin Arrow
37:40 Leather Archer Armor
37:15 Champi Warrior
37:57 Elite Temple Guard
39:54 Crop Rotation
39:13 Elite Guecha Warrior
40:24 Elite Champi Warrior
42:23 Bracer
43:02 Plate Mail Armor
mzk_TsushimaRiko
0:53 Loom
12:16 Feudal Age
16:14 Castle Age
14:23 Double-Bit Axe
14:24 Horse Collar
25:41 Bow Saw
26:25 Wheelbarrow
27:46 Hand Cart
30:51 Imperial Age
28:21 Gold Mining
29:50 Fortified Wall
29:21 Treadmill Crane
29:56 Fortified Wall
31:07 Heavy Plow
32:48 Chemistry
31:58 Onager
33:34 Crop Rotation
33:06 Caravan
34:45 Ballistics
34:34 Scale Mail Armor
34:45 Forging
34:07 Pikeman
34:48 Squires
34:33 Arson
34:48 Halberdier
38:25 Conscription
38:25 Logistica
40:15 Elite Cataphract
46:24 Two-Man Saw
47:54 Man-at-Arms
48:20 Gambesons
48:38 Crossbowman
49:23 Thumb Ring
John9487
0:27 Loom
13:23 Feudal Age
18:56 Castle Age
17:09 Horse Collar
17:36 Double-Bit Axe
20:19 Bow Saw
20:46 Heavy Plow
40:55 Wheelbarrow
43:42 Caravan
49:28 Imperial Age
49:02 Pikeman
49:43 Squires
50:38 Hand Cart
49:51 Halberdier
49:54 Heavy Rocket Cart
51:31 Scale Mail Armor
51:42 Forging
Artimus
0:47 Loom
10:57 Feudal Age
11:27 Double-Bit Axe
16:21 Castle Age
14:25 Horse Collar
17:16 Heavy Plow
25:11 Bow Saw
27:04 Pikeman
31:45 Imperial Age
29:51 Wheelbarrow
29:16 Gold Mining
28:53 Man-at-Arms
29:20 Gambesons
29:36 Squires
29:21 Arson
29:44 Murder Holes
30:45 Fletching
30:56 Padded Archer Armor
31:22 Ballistics
31:15 Fortified Wall
30:45 Treadmill Crane
31:16 Clinker Construction
31:19 Masonry
31:27 Hand Cart
31:53 Halberdier
31:56 Long Swordsman
33:37 Gold Shaft Mining
32:59 Bodkin Arrow
33:22 Leather Archer Armor
33:53 Yeomen
33:55 Stone Mining
34:07 Bracer
34:24 Elite Longbowman
35:21 Two-Handed Swordsman
36:16 Warwolf
35:48 Sappers
36:55 Hoardings
37:11 Ring Archer Armor
36:52 Forging
36:42 Scale Mail Armor
36:48 Scale Barding Armor
37:48 Two-Man Saw
38:05 Chemistry
37:36 Siege Engineers
40:23 Conscription
41:06 Architecture
44:28 Champion
50:19 Caravan
danny83627danny83627
1:30 Loom
11:34 Feudal Age
13:51 Double-Bit Axe
14:31 Horse Collar
17:35 Castle Age
19:46 Bow Saw
20:33 Heavy Plow
24:46 Scale Barding Armor
29:06 Forging
34:28 Wheelbarrow
37:01 Imperial Age
36:27 Caravan
37:05 Chain Barding Armor
37:21 Iron Casting
38:00 Scale Mail Armor
38:59 Kshatriyas
39:16 Frontier Guards
39:36 Plate Barding Armor
40:23 Chain Mail Armor
39:29 Elite Chakram Thrower
40:30 Conscription
40:24 Elite Shrivamsha Rider
40:39 Heavy Camel Rider
41:20 Husbandry
41:30 Bloodlines
42:10 Hand Cart
Connection lost

Rejoining the realm…

Still unreachable

The connection could not be restored.

Session expired

The server has moved on; the page needs a fresh start.